 Dungeon Crawl Stone Soup version 0.27-a0-334-g52645efa06 (webtiles) character file.

Game seed: 6567086190284998749

2997 sahdkjhfkaj the Destroyer (level 9, 0/48 HPs)
             Began as a Deep Elf Conjurer on Feb 13, 2021.
             Was a Follower of Vehumet.
             Shot with an arrow by a centaur (15 damage)
             ... on level 8 of the Dungeon.
             The game lasted 00:15:19 (11550 turns).

sahdkjhfkaj the Destroyer (Deep Elf Conjurer)      Turns: 11550, Time: 00:15:20

Health: 0/48       AC:  4    Str:  4    XL:     9   Next: 54%
Magic:  24/24      EV: 14    Int: 27    God:    Vehumet [*.....]
Gold:   510        SH:  0    Dex: 13    Spells: 15/26 levels left

rFire    . . .     SeeInvis .   t - +0 scimitar
rCold    . . .     Faith    .   (no shield)
rNeg     . . .     Spirit   .   q - +1 robe {Will+}
rPois    .         Reflect  .   l - +0 helmet
rElec    .         Harm     +   r - scarf {harm}
rCorr    .         Rampage  .   (no gloves)
Will     +....                  (no boots)
Stlth    ++........             (no amulet)
HPRegen  0.16/turn              (no ring)
MPRegen  0.19/turn              (no ring)

@: no status effects
A: no striking features
a: Renounce Religion


You were on level 8 of the Dungeon.
You worshipped Vehumet.
Vehumet was aware of your devotion.
You visited 2 branches of the dungeon, and saw 9 of its levels.

You collected 510 gold pieces.

Inventory:

Hand Weapons
 t - a +0 scimitar (weapon)
Armour
 l - a +0 helmet (worn)
 o - a +0 cloak
 q - a +1 robe of willpower (worn)
 r - a scarf of harm (worn)
Jewellery
 u - a +6 ring of dexterity {unknown}
 v - a ring of poison resistance {unknown}
Wands
 a - a wand of flame (15)
Scrolls
 e - 5 scrolls of teleportation {@r3}
 f - 2 scrolls of enchant weapon
 g - a scroll of random uselessness {unknown}
 h - 2 scrolls of fog
 k - 2 scrolls of amnesia
 m - 2 scrolls of blinking {@r4}
 s - 2 scrolls of magic mapping
Potions
 b - 3 potions of flight {unknown}
 c - 2 potions of might {unknown}
 d - 3 potions of magic {unknown}
 i - a potion of brilliance {unknown}
 j - 4 potions of curing {@q1}
 n - a potion of heal wounds {unknown}
 p - 2 potions of lignification {unknown}


   Skills:
 + Level 1.8 Fighting
 - Level 5.0 Dodging
 - Level 2.4 Stealth
 - Level 9.0 Spellcasting
 - Level 11.0 Conjurations
 - Level 7.0 Hexes


You had 15 spell levels left.
You knew the following spells:

 Your Spells              Type           Power        Failure   Level
a - Magic Dart            Conj           100%         1%          1
b - Searing Ray           Conj           100%         1%          2
c - Fulminant Prism       Conj/Hex       28%          1%          4
q - Iskenderun's Mystic   Conj/Tloc      41%          4%          4

Your spell library contained the following spells:

 Spells                   Type           Power        Failure   Level
 Shock                    Conj/Air       100%         1%          1
 Dazzling Flash           Conj/Hex       100%         1%          3


Dungeon Overview and Level Annotations

Branches:
Dungeon (8/15)             Temple (1/1) D:5
   Lair: D:8-11

Altars:
Ashenzari
Cheibriados
Dithmenos
Elyvilon
Fedhas
Gozag
Hepliaklqana
Kikubaaqudgha
Makhleb
Nemelex Xobeh
Okawaru
Qazlal
Ru
Sif Muna
Trog
Uskayaw
Vehumet
Wu Jian
Xom
Yredelemnul
Zin
The Shining One

Shops:
D:7 *   D:8 *


Message History

Orders for allies: a - Attack new target. r - Retreat! s - Stop attacking. g - Guard the area. f - Follow me.
Anything else - Cancel.
You shout for attention!
What are your orders? t - Shout!
Orders for allies: a - Attack new target. r - Retreat! s - Stop attacking. g - Guard the area. f - Follow me.
Anything else - Cancel.
You shout for attention!
What are your orders? t - Shout!
Orders for allies: a - Attack new target. r - Retreat! s - Stop attacking. g - Guard the area. f - Follow me.
Anything else - Cancel.
You shout for attention!
The centaur wields a +0 shortbow.
The centaur shoots an arrow.
The arrow hits you!
The centaur shoots an arrow.
The arrow hits you.
You climb upwards.
There is a stone staircase leading down here.
You start resting.
HP restored.
You climb downwards.
The centaur shoots an arrow.
The arrow hits you.
The centaur shoots an arrow.
The arrow hits you!
There is a stone staircase leading up, spattered with blood here.
The centaur shoots an arrow.
The arrow closely misses you.
You climb upwards.
There is a stone staircase leading down here.
You start resting.
HP restored.
You climb downwards.
The centaur shoots an arrow.
The arrow misses you.
The centaur shoots an arrow.
The arrow hits you!
There is a stone staircase leading up, spattered with blood here.
The centaur shoots an arrow.
The arrow hits you!
The centaur shoots an arrow.
The arrow hits you!
You die...

#######.....#####
#....###'#####.
#.....#.(....'..
#.....#......#.. #+
##...##....###
####.###...##....##
...........#[.....#
......)....'......#
#..cc........@#......#
.......c.....#......#
####...###.###'###...###
#......###.###..###'##
#..........#........#
#..........#........#
####.....##..########'# #####
..##.....##..##.###...###...##
..#..............#......#....#


You could see a centaur.

Vanquished Creatures
  Pikel (D:4)
  Grum (D:8)
  Menkaure (D:6)
  An orc warrior (D:6)
  3 ogres (D:6)
  3 wolves
  2 phantoms
  4 lemures (D:4)
  A bullfrog (D:6)
  A water moccasin zombie (D:6)
  2 scorpions
  4 killer bees (D:7)
  An oklob sapling (D:5)
  4 wights (D:6)
  A howler monkey (D:8)
  4 hounds
  Crazy Yiuf (D:3)
  3 orc priests
  A centaur skeleton (D:4)
  A gnoll shaman (D:8)
  5 orc wizards
  4 worker ants (D:5)
  Robin (D:4)
  A howler monkey skeleton (D:7)
  9 gnolls
  9 adders
  6 river rats
  A white imp (D:7)
  5 worms
  2 dart slugs
  7 leopard geckos
  18 orcs
  10 giant cockroaches
  15 goblins
  7 hobgoblins
  9 jackals
  3 kobolds
  4 quokkas
  8 bats
  2 frilled lizards
  A leopard gecko skeleton (D:5)
  A quokka zombie (D:5)
  5 rats
173 creatures vanquished.

Vanquished Creatures (others)
  A fulminant prism (D:5)
  41 plants
42 creatures vanquished.

Grand Total: 215 creatures vanquished

Notes
Turn   | Place    | Note
-------+----------+-------------------------------------------
     0 | D:1      | sahdkjhfkaj the Deep Elf Conjurer began the quest for the
                  | Orb.
     0 | D:1      | Reached XP level 1. HP: 10/10 MP: 6/6
   117 | D:1      | Reached XP level 2. HP: 5/15 MP: 0/8
   121 | D:1      | Learned a level 2 spell: Searing Ray
   327 | D:1      | Reached skill level 5 in Conjurations
   624 | D:1      | You fall into a shaft and drop 1 floor!
  1434 | D:2      | Reached XP level 3. HP: 19/19 MP: 6/10
  1481 | D:2      | Found a hazy altar of Hepliaklqana.
  1734 | D:2      | Found a broken altar of Ashenzari.
  1835 | D:2      | Reached XP level 4. HP: 24/24 MP: 9/12
  1840 | D:2      | Learned a level 4 spell: Fulminant Prism
  2213 | D:2      | Reached skill level 6 in Conjurations
  2227 | D:2      | Found a blossoming altar of Fedhas.
  2412 | D:3      | Reached skill level 1 in Hexes
  2705 | D:3      | Reached skill level 5 in Spellcasting
  2705 | D:3      | Reached XP level 5. HP: 9/28 MP: 9/14
  2710 | D:3      | Learned a level 4 spell: Iskenderun's Mystic Blast
  3068 | D:3      | Found a sparkling altar of Nemelex Xobeh.
  3426 | D:3      | Found a runed translucent door.
  3427 | D:3      | Noticed Crazy Yiuf
  3666 | D:3      | Killed Crazy Yiuf
  4009 | D:4      | Found a snail-covered altar of Cheibriados.
  4045 | D:4      | Found an iron altar of Okawaru.
  4159 | D:4      | Found an ancient bone altar of Kikubaaqudgha.
  4199 | D:4      | Noticed a lemure
  4211 | D:4      | Killed a lemure
  4287 | D:4      | Noticed Pikel
  4287 | D:4      | Noticed a lemure
  4287 | D:4      | Noticed a lemure
  4287 | D:4      | Noticed a lemure
  4300 | D:4      | Killed a lemure
  4304 | D:4      | Killed a lemure
  4305 | D:4      | Killed a lemure
  4308 | D:4      | Killed Pikel
  4309 | D:4      | Reached skill level 7 in Conjurations
  4309 | D:4      | Reached skill level 8 in Conjurations
  4309 | D:4      | Reached XP level 6. HP: 20/32 MP: 0/17
  4309 | D:4      | Reached XP level 7. HP: 23/36 MP: 0/18
  4453 | D:4      | Reached skill level 5 in Hexes
  4765 | D:4      | Found a glowing silver altar of Zin.
  5004 | D:4      | Noticed Robin
  5031 | D:4      | Killed Robin
  5251 | D:5      | Entered Level 5 of the Dungeon
  5727 | D:5      | Reached skill level 9 in Conjurations
  5863 | D:5      | Found a staircase to the Ecumenical Temple.
  5898 | Temple   | Entered the Ecumenical Temple
  6039 | Temple   | Became a worshipper of Vehumet
  6048 | D:5      | Reached XP level 8. HP: 41/41 MP: 17/19
  7036 | D:6      | Reached skill level 1 in Fighting
  7104 | D:6      | Found a burning altar of Makhleb.
  7581 | D:6      | Reached skill level 10 in Conjurations
  8386 | D:6      | Noticed Menkaure
  8390 | D:6      | Killed Menkaure
  8391 | D:6      | Reached skill level 11 in Conjurations
  8391 | D:6      | Reached XP level 9. HP: 47/47 MP: 15/22
  8882 | D:7      | Found a shimmering altar of Xom.
  8892 | D:7      | Reached * piety under Vehumet
  8892 | D:7      | Offered knowledge of Shock by Vehumet.
  9421 | D:7      | Found Wudaics's General Store.
  9443 | D:7      | Found a broken altar of Ashenzari.
 10407 | D:8      | Found Xatucur's Assorted Antiques.
 10599 | D:8      | Noticed Grum
 10703 | D:8      | Killed Grum
 10776 | D:8      | Reached skill level 5 in Dodging
 11550 | D:8      | Shot with an arrow by a centaur

Illustrated notes

Levels and vault maps discovered:
D:1:      lemuel_arrival_rhombus, layout_basic
D:2:      layout_loops_corners, lemuel_doored_altar,
          nicolae_overflow_crystal_walls, fedhas_altar_fruit_tree
D:3:      layout_rooms, nemelex_xobeh_ov_fountains_minmay, serial_bayou_lake_a,
          uniq_crazy_yiuf_cottage
D:4:      layout_basic, okawaru_gym_becter, kiku_gazebo_pond_becter,
          cheibriados_altar_1, eino_tiny_chamber, amcnicky_altar_gilded,
          uniq_robin, uniq_pikel
D:5:      layout_loops_ring, minmay_temple_entry_oklob, gup_sewer_entry_spiral
D:6:      layout_basic, makhleb_heckhound_becter, uniq_menkaure
D:7:      wad_woods_stonehenge, layout_layer_cave, basic_altar, serial_shops,
          nicolae_shop_competitors_out_of_business
D:8:      layout_gridville, serial_shops, shop, uniq_grum, uniq_joseph,
          uniq_maggie
Temple:   minmay_freezing_vapour_temple

Skill      XL: |  1  2  3  4  5  6  7  8  9 |
---------------+----------------------------+-----
Conjurations   | 5 6 8 9 11 | 11.0
Spellcasting   | 4 5 6 7 9 |  9.0
Hexes          | 1 4 5 6 7 |  7.0
Dodging        | 3 5 |  5.0
Fighting       | 1 |  1.8
Stealth        | |  2.4

Action                   |  1- 3 |  4- 6 |  7- 9 || total
-------------------------+-------+-------+-------++-------
Melee: Scimitar          |       |       |     6 ||     6
 Cast: Magic Dart        |    64 |    57 |   319 ||   440
       Searing Ray       |       |    10 |    22 ||    32
       Fulminant Prism   |       |       |     1 ||     1
       Iskenderun's Myst |       |       |     2 ||     2
  Use: Scroll            |       |       |     6 ||     6
Armor: Robe              |     1 |     2 |    11 ||    14
Dodge: Dodged            |    11 |     9 |    83 ||   103
       Rpst.: Scimitar   |       |       |     9 ||     9

Table legend: (Time is in decaauts)
 A = Elapsed time spent in this place.
 B = Non-inter-level travel time spent in this place.
 C = Inter-level travel time spent in this place.
 D = Time resting spent in this place.
 E = Time spent auto-exploring this place.
 F = Levels seen in this place.
 G = Mean time per level.
                   A        B        C        D        E       F      G
               +--------+--------+--------+--------+--------+-----+--------+
         Total |  11638 |  11192 |    446 |    946 |   9191 |   9 | 1293.1 |
       Dungeon |  11491 |  11045 |    446 |    946 |   9057 |   8 | 1436.4 |
        Temple |    146 |    146 |      0 |      0 |    134 |   1 |  146.0 |
               +--------+--------+--------+--------+--------+-----+--------+

Top non-repeatable levels by time:
     D:7: 2110 daAuts
     D:6: 1951 daAuts
     D:5: 1530 daAuts
     D:2: 1482 daAuts
     D:3: 1461 daAuts
     D:4: 1262 daAuts
     D:1: 1084 daAuts
     D:8: 608 daAuts
  Temple: 146 daAuts
